 Dungeon Crawl Stone Soup version 0.28-a0-1629-gf728b707aa (webtiles) character file.

Game seed: 17999892921877628126

37 siradein the Skirmisher (level 3, 0/31 HPs)
             Began as a Palentonga Fighter on Jan 25, 2022.
             Succumbed to an adder's poison
             ... on level 2 of the Dungeon.
             The game lasted 00:02:56 (1291 turns).

siradein the Skirmisher (Palentonga Fighter)        Turns: 1291, Time: 00:02:57

Health: 0/31       AC:  6    Str: 21    XL:     3   Next: 21%
Magic:  3/3        EV:  7    Int:  8    God:
Gold:   59         SH:  4    Dex:  9    Spells: 2/2 levels left

rFire   . . .      SeeInvis +   a - +0 flail
rCold   . . .      Faith    .   c - +0 buckler
rNeg    . . .      Spirit   .   b - +0 scale mail
rPois   .          Reflect  .   (no helmet)
rElec   .          Harm     .   (no cloak)
rCorr   .          Rampage  .   (no gloves)
Will    .....                   (no barding)
Stlth   ..........              (no amulet)
HPRegen 0.10/turn               (no ring)
MPRegen 0.08/turn               (no ring)

@: lethally poisoned (0 -> -1)
A: large, rugged brown scales 3, see invisible, deformed body, roll 1, armoured
tail
a: Rolling Charge


You were on level 2 of the Dungeon.
You visited 1 branch of the dungeon, and saw 2 of its levels.

You collected 59 gold pieces.

Inventory:

Hand Weapons
 a - a +0 flail (weapon)
Armour
 b - a +0 scale mail (worn)
 c - a +0 buckler (worn)
Scrolls
 g - a scroll of teleportation {unknown}
 h - a scroll of vulnerability {unknown}
Potions
 d - 2 potions of might
 e - a potion of attraction {unknown}
 f - a potion of curing {unknown}


   Skills:
 + Level 3.3 Fighting
 + Level 2.5 Maces & Flails
 + Level 2.7 Armour
 + Level 2.7 Shields


You had 2 spell levels left.
You didn't know any spells.
Your spell library contained the following spells:

 Spells                   Type           Power      Damage    Failure   Level
 Ensorcelled Hibernation  Hex/Ice        0%         N/A       92%         2
 Spider Form              Tmut/Pois      0%         N/A       99%         3
 Anguish                  Hex/Necr       0%         N/A       100%        4


Dungeon Overview and Level Annotations

Branches:
Dungeon (2/15)

Altars:


Innate Abilities, Weirdness & Mutations

You are completely covered in rugged brown scales. (AC +3, +7% HP)
You have supernaturally acute eyesight. (SInv)
Armour fits poorly on your strangely shaped body.
You can roll at nearby foes to attack.
You have a long armoured tail.


Message History

Moving in this stuff is going to be slow.
An adder comes into view.
The adder bites you.
You are poisoned.
The adder poisons you!
You miss the adder.
You feel very sick. The adder bites you. x2
You are more poisoned.
The adder poisons you!
You miss the adder.
You feel very sick. The adder barely misses you. The adder bites you.
You closely miss the adder.
You feel sick. You block the adder's attack. The adder bites you.
The adder bites you but does no damage.
You are too injured to fight recklessly!
You are too injured to fight recklessly!
You feel sick. You block the adder's attack.
The adder bites you but does no damage. The adder barely misses you.
The adder bites you but does no damage.
You feel sick. The adder barely misses you.
You enter the shallow water.
Moving in this stuff is going to be slow.
You feel sick. The adder bites you but does no damage.
You block the adder's attack. The adder bites you.
* * * LOW HITPOINT WARNING * * *
You are lethally poisoned!
The adder poisons you!
* * * LOW HITPOINT WARNING * * *
You feel sick. The adder completely misses you.
* * * LOW HITPOINT WARNING * * *
You feel sick. You block the adder's attack.
* * * LOW HITPOINT WARNING * * *
You feel sick. You block the adder's attack.
* * * LOW HITPOINT WARNING * * *
You feel sick.
* * * LOW HITPOINT WARNING * * *
You feel sick. The adder bites you but does no damage.
You miss the adder.
Your tail-slap misses the adder.
You die...

#.# ... #.# .... #.# ......# ..
### #.# ###.......# ... ..# #.#
#≈#.≈...≈.# #.# #.# #.#
#♣.#.≈..≈..# #.#
#.#####.####≈≈#♣≈..≈.♣#
##.######.##....@SS.♣≈♣..≈.≈≈≈..
.......##.##.######....♣..≈..≈..
....##.##.##.# #.≈≈≈.≈.♣..≈.#
..........##.# ##≈≈.≈≈≈.≈.≈.#
#...##.#####.# #..≈≈≈.≈.....
##.###.#####.# #.≈≈≈#.≈##≈.. #.#
#.......# ##≈♣≈.≈...... ##.#
######### ####..#### ...# ###


You could see 2 adders.

Vanquished Creatures
  A dart slug (D:1)
  5 endoplasms
  3 giant cockroaches (D:1)
  3 goblins (D:1)
  6 hobgoblins
  3 ball pythons (D:1)
  2 bats (D:1)
  6 kobolds
  A rat (D:1)
30 creatures vanquished.

Vanquished Creatures (others)
  A plant (D:1)
1 creature vanquished.

Grand Total: 31 creatures vanquished

Notes
Turn   | Place    | Note
-------+----------+-------------------------------------------
     0 | D:1      | siradein the Palentonga Fighter began the quest for the
                  | Orb.
     0 | D:1      | Reached XP level 1. HP: 19/19 MP: 1/1
   289 | D:1      | Reached XP level 2. HP: 25/25 MP: 2/2
   839 | D:1      | Reached XP level 3. HP: 31/31 MP: 3/3
  1290 | D:2      | HP: 1/31 [poisoned by an adder]
  1291 | D:2      | Succumbed to an adder's poison

Illustrated notes

Levels and vault maps discovered:
D:1:      lightli_arrival_farm, layout_basic, serial_bayou, serial_bayou_pond_a,
          serial_bayou_pond_b, serial_bayou_pond_e, serial_bayou_pond_b,
          serial_bayou_lake_a, skrybe_limestone_x
D:2:      layout_loops_corners, nrook_campfire, chequers_serial_rivers_marsh

Action                   || total
-------------------------++-------
Melee: Flail             ||    61
       Tailslap          ||     3
Armor: Scale mail        ||    23
Dodge: Dodged            ||    24
Block: Buckler           ||    14

Table legend: (Time is in decaauts)
 A = Elapsed time spent in this place.
 B = Non-inter-level travel time spent in this place.
 C = Inter-level travel time spent in this place.
 D = Time resting spent in this place.
 E = Time spent auto-exploring this place.
 F = Levels seen in this place.
 G = Mean time per level.
                   A        B        C        D        E       F      G
               +--------+--------+--------+--------+--------+-----+--------+
         Total |   1360 |   1344 |     16 |      0 |   1162 |   2 |  680.0 |
       Dungeon |   1360 |   1344 |     16 |      0 |   1162 |   2 |  680.0 |
               +--------+--------+--------+--------+--------+-----+--------+

Top non-repeatable levels by time:
     D:1: 1203 daAuts
     D:2: 156 daAuts
